TOP OF THE 1ST |
Birmingham Steeldogs batting - Pitching for Hendersonville Hitmen : RHP Carlos Hernández
|
Pitching: RHP Carlos Hernández
|
|
Batting: SHB Theron Harper
|
0-0: Swinging Strike 0-1: Called Strike 0-2: Ball 1-2: Fly out, F8 (Flyball, 8LD)
|
Batting: RHB Sixto Vélez
|
0-0: Ball 1-0: Ball 2-0: Called Strike 2-1: Ball 3-1: Ground out 2-3 (Groundball, 2R)
|
Batting: LHB José Hernández
|
0-0: Called Strike 0-1: Ball 1-1: Called Strike 1-2: Ball 2-2: Fly out, F8 (Flyball, 8LM)
|
Top of the 1st over - 0 run(s), 0 hit(s), 0 error(s), 0 left on base; Birmingham 0 - Hendersonville 0 |
BOTTOM OF THE 1ST |
Hendersonville Hitmen batting - Pitching for Birmingham Steeldogs : RHP Francisco Ríos
|
Pitching: RHP Francisco Ríos
|
|
Batting: RHB Lonson Seals
|
0-0: Ball 1-0: Swinging Strike 1-1: Called Strike 1-2: Strikes out looking
|
Batting: LHB Lorenzo Quintanilla
|
0-0: Ball 1-0: Foul Ball, location: 2F 1-1: Ball 2-1: SINGLE (Groundball, 6S) (infield hit)
|
Batting: SHB David Johnstone
|
0-0: Called Strike 0-1: Fly out, F7 (Flyball, 78S)
|
Batting: LHB Tony Abete
|
0-0: Ball 1-0: Ball 2-0: Foul Ball, location: 2F 2-1: Ground out U3 (Groundball, 3L)
|
Bottom of the 1st over - 0 run(s), 1 hit(s), 0 error(s), 1 left on base; Birmingham 0 - Hendersonville 0 |
TOP OF THE 2ND |
Birmingham Steeldogs batting - Pitching for Hendersonville Hitmen : RHP Carlos Hernández
|
Batting: RHB Valentín Borges
|
0-0: Foul Ball, location: 2F 0-1: Ball 1-1: Called Strike 1-2: Strikes out looking
|
Batting: RHB Yujiro Kurihara
|
0-0: Called Strike 0-1: Called Strike 0-2: Strikes out swinging, 2-3 out at first.
|
Batting: SHB Orlando Aguilar
|
0-0: Ball 1-0: Ball 2-0: Fly out, F7 (Flyball, 7S)
|
Top of the 2nd over - 0 run(s), 0 hit(s), 0 error(s), 0 left on base; Birmingham 0 - Hendersonville 0 |
BOTTOM OF THE 2ND |
Hendersonville Hitmen batting - Pitching for Birmingham Steeldogs : RHP Francisco Ríos
|
Batting: RHB Felipe Rivera
|
0-0: Called Strike 0-1: Foul Ball, location: 2F 0-2: Fly out, F4 (Line Drive, 4)
|
Batting: LHB Jerry Johnston
|
0-0: Ball 1-0: Fly out, F9 (Flyball, 9S)
|
Batting: RHB Ron Glass
|
0-0: Foul Ball, location: 2F 0-1: Ground out 6-3 (Groundball, 6)
|
Bottom of the 2nd over - 0 run(s), 0 hit(s), 0 error(s), 0 left on base; Birmingham 0 - Hendersonville 0 |
TOP OF THE 3RD |
Birmingham Steeldogs batting - Pitching for Hendersonville Hitmen : RHP Carlos Hernández
|
Batting: RHB Eric Johnson
|
0-0: Called Strike 0-1: SINGLE (Groundball, 5) (infield hit)
|
Batting: RHB Carlos García
|
0-0: Swinging Strike 0-1: Called Strike 0-2: Ball 1-2: Ball 2-2: SINGLE (Groundball, 56) (infield hit) Eric Johnson to second
|
Batting: RHB José Carlos Caraballo
|
0-0: Fielders Choice at 2nd, 6-4 (Groundball, 6M) Eric Johnson to third
|
Batting: SHB Theron Harper
|
0-0: Ball José Carlos Caraballo is caught stealing 2nd base 1-0: Ball 2-0: Called Strike 2-1: Ball 3-1: Swinging Strike 3-2: Strikes out swinging
|
Top of the 3rd over - 0 run(s), 2 hit(s), 0 error(s), 1 left on base; Birmingham 0 - Hendersonville 0 |
BOTTOM OF THE 3RD |
Hendersonville Hitmen batting - Pitching for Birmingham Steeldogs : RHP Francisco Ríos
|
Batting: RHB Sugita Ito
|
0-0: Ball 1-0: Ball 2-0: Called Strike 2-1: Foul Ball, location: 2F 2-2: Ball 3-2: Strikes out swinging
|
Batting: LHB Leonard Young
|
0-0: Ball 1-0: Called Strike 1-1: TRIPLE (Flyball, 8RXD)
|
Batting: RHB Lonson Seals
|
0-0: Called Strike 0-1: Called Strike 0-2: Foul Ball, location: 2F 0-2: Ball 1-2: Foul Ball, location: 2F 1-2: Ground out 6-3 (Groundball, 6) Leonard Young scores
|
Batting: LHB Lorenzo Quintanilla
|
0-0: DOUBLE (Groundball, 3L)
|
Batting: SHB David Johnstone
|
0-0: Ball 1-0: Ball 2-0: Foul Ball, location: 2F 2-1: SINGLE (Flyball, 78S) Lorenzo Quintanilla to third
|
Batting: LHB Tony Abete
|
0-0: Called Strike 0-1: Fly out, F9 (Flyball, 9LDF)
|
Bottom of the 3rd over - 1 run(s), 3 hit(s), 0 error(s), 2 left on base; Birmingham 0 - Hendersonville 1 |
TOP OF THE 4TH |
Birmingham Steeldogs batting - Pitching for Hendersonville Hitmen : RHP Carlos Hernández
|
Batting: RHB Sixto Vélez
|
0-0: Foul Ball, location: 2F 0-1: Ball 1-1: Ground out 1-3 (Groundball, 15S)
|
Batting: LHB José Hernández
|
0-0: Foul Ball, location: 2F 0-1: Ball 1-1: Ball 2-1: Ball 3-1: Called Strike 3-2: Fly out, F4 (Line Drive, 4)
|
Batting: RHB Valentín Borges
|
0-0: SINGLE (Flyball, 7S)
|
Batting: RHB Yujiro Kurihara
|
0-0: Ground out 6-3 (Groundball, 6S)
|
Top of the 4th over - 0 run(s), 1 hit(s), 0 error(s), 1 left on base; Birmingham 0 - Hendersonville 1 |
BOTTOM OF THE 4TH |
Hendersonville Hitmen batting - Pitching for Birmingham Steeldogs : RHP Francisco Ríos
|
Batting: RHB Felipe Rivera
|
0-0: Ball 1-0: SOLO HOME RUN (Flyball, 7D), Distance : 414 ft
|
Batting: LHB Jerry Johnston
|
0-0: Ball 1-0: Ball 2-0: Called Strike 2-1: SOLO HOME RUN (Flyball, 9LD), Distance : 357 ft
|
Batting: RHB Ron Glass
|
0-0: Called Strike 0-1: Ball 1-1: Ball 2-1: Foul Ball, location: 2F 2-2: Fly out, F7 (Flyball, 7LS)
|
Batting: RHB Sugita Ito
|
0-0: Ball 1-0: Ball 2-0: Ball 3-0: Called Strike 3-1: Fly out, F9 (Flyball, 9)
|
Batting: LHB Leonard Young
|
0-0: Foul Ball, location: 2F 0-1: Called Strike 0-2: Fly out, F7 (Flyball, 7S)
|
Bottom of the 4th over - 2 run(s), 2 hit(s), 0 error(s), 0 left on base; Birmingham 0 - Hendersonville 3 |
TOP OF THE 5TH |
Birmingham Steeldogs batting - Pitching for Hendersonville Hitmen : RHP Carlos Hernández
|
Batting: SHB Orlando Aguilar
|
0-0: Called Strike 0-1: Ball 1-1: Fly out, F7 (Flyball, 78M)
|
Batting: RHB Eric Johnson
|
0-0: Called Strike 0-1: Ball 1-1: Foul Ball, location: 2F 1-2: Ground out 4-3 (Groundball, 4)
|
Batting: RHB Carlos García
|
0-0: Ball 1-0: Called Strike 1-1: Ball 2-1: Ball 3-1: Foul Ball, location: 2F 3-2: Ground out 1-3 (Groundball, 15S)
|
Top of the 5th over - 0 run(s), 0 hit(s), 0 error(s), 0 left on base; Birmingham 0 - Hendersonville 3 |
BOTTOM OF THE 5TH |
Hendersonville Hitmen batting - Pitching for Birmingham Steeldogs : RHP Francisco Ríos
|
Batting: RHB Lonson Seals
|
0-0: Called Strike 0-1: Fly out, F6 (Flyball, 6MD)
|
Batting: LHB Lorenzo Quintanilla
|
0-0: Called Strike 0-1: Ball 1-1: Hit by Pitch
|
Batting: SHB David Johnstone
|
0-0: Ball 1-0: Ball 2-0: Fly out, F8 (Flyball, 8LS)
|
Batting: LHB Tony Abete
|
0-0: Ball 1-0: Called Strike 1-1: Fly out, F8 (Flyball, 78M)
|
Bottom of the 5th over - 0 run(s), 0 hit(s), 0 error(s), 1 left on base; Birmingham 0 - Hendersonville 3 |
TOP OF THE 6TH |
Birmingham Steeldogs batting - Pitching for Hendersonville Hitmen : RHP Carlos Hernández
|
Batting: RHB José Carlos Caraballo
|
0-0: Called Strike 0-1: Called Strike 0-2: Strikes out swinging
|
Batting: SHB Theron Harper
|
0-0: Called Strike 0-1: Swinging Strike 0-2: Ball 1-2: Fly out, F7 (Flyball, 7S)
|
Batting: RHB Sixto Vélez
|
0-0: Ball 1-0: Fly out, F3 (Flyball, 3DF)
|
Top of the 6th over - 0 run(s), 0 hit(s), 0 error(s), 0 left on base; Birmingham 0 - Hendersonville 3 |
BOTTOM OF THE 6TH |
Hendersonville Hitmen batting - Pitching for Birmingham Steeldogs : RHP Francisco Ríos
|
Batting: RHB Felipe Rivera
|
0-0: SOLO HOME RUN (Flyball, 7D), Distance : 414 ft
|
Batting: LHB Jerry Johnston
|
0-0: Called Strike 0-1: Ball 1-1: Ball 2-1: Fly out, F5 (Popup, 56S)
|
Batting: RHB Ron Glass
|
0-0: Ball 1-0: Called Strike 1-1: Swinging Strike 1-2: Foul Ball, location: 2F 1-2: Strikes out looking
|
Batting: RHB Sugita Ito
|
0-0: Foul Ball, location: 2F 0-1: Ball 1-1: Swinging Strike 1-2: Ball 2-2: Ground out 6-3 (Groundball, 6)
|
Bottom of the 6th over - 1 run(s), 1 hit(s), 0 error(s), 0 left on base; Birmingham 0 - Hendersonville 4 |
TOP OF THE 7TH |
Birmingham Steeldogs batting - Pitching for Hendersonville Hitmen : RHP Carlos Hernández
|
Batting: LHB José Hernández
|
0-0: Foul Ball, location: 2F 0-1: Fly out, F9 (Flyball, 9)
|
Batting: RHB Valentín Borges
|
0-0: Ball 1-0: Ball 2-0: Ball 3-0: Called Strike 3-1: Swinging Strike 3-2: Strikes out swinging
|
Batting: RHB Yujiro Kurihara
|
0-0: Ball 1-0: Ball 2-0: Ball 3-0: Foul Ball, location: 2F 3-1: Base on Balls
|
Batting: SHB Orlando Aguilar
|
0-0: Ball 1-0: Called Strike 1-1: Fly out, F9 (Line Drive, 9LM)
|
Top of the 7th over - 0 run(s), 0 hit(s), 0 error(s), 1 left on base; Birmingham 0 - Hendersonville 4 |
BOTTOM OF THE 7TH |
Hendersonville Hitmen batting - Pitching for Birmingham Steeldogs : RHP Francisco Ríos
|
Pitching: RHP Rick Grant
|
|
Batting: LHB Leonard Young
|
0-0: Ball 1-0: Called Strike 1-1: Foul Ball, location: 2F 1-2: Foul Ball, location: 2F 1-2: Foul Ball, location: 2F 1-2: Foul Ball, location: 2F 1-2: Strikes out swinging
|
Batting: RHB Lonson Seals
|
0-0: Ball 1-0: Called Strike 1-1: Ball 2-1: Foul Ball, location: 2F 2-2: Fly out, F8 (Flyball, 8RD)
|
Batting: LHB Lorenzo Quintanilla
|
0-0: Ball 1-0: Foul Ball, location: 2F 1-1: Ball 2-1: SINGLE (Groundball, 34D)
|
Batting: SHB David Johnstone
|
0-0: Called Strike 0-1: Ball 1-1: Called Strike 1-2: Foul Ball, location: 2F 1-2: Ball 2-2: DOUBLE (Line Drive, 9LS) Lorenzo Quintanilla to third
|
Batting: LHB Tony Abete
|
0-0: Foul Ball, location: 2F 0-1: Ground out 4-3 (Groundball, 4MS)
|
Bottom of the 7th over - 0 run(s), 2 hit(s), 0 error(s), 2 left on base; Birmingham 0 - Hendersonville 4 |
TOP OF THE 8TH |
Birmingham Steeldogs batting - Pitching for Hendersonville Hitmen : RHP Carlos Hernández
|
Batting: RHB Eric Johnson
|
0-0: Ball 1-0: Ground out U3 (Groundball, 34)
|
Batting: RHB Carlos García
|
0-0: Ground out 4-3 (Groundball, 4S)
|
Batting: RHB José Carlos Caraballo
|
0-0: Ball 1-0: Foul Ball, location: 2F 1-1: Ball 2-1: Fly out, F8 (Flyball, 8RM)
|
Top of the 8th over - 0 run(s), 0 hit(s), 0 error(s), 0 left on base; Birmingham 0 - Hendersonville 4 |
BOTTOM OF THE 8TH |
Hendersonville Hitmen batting - Pitching for Birmingham Steeldogs : RHP Rick Grant
|
Batting: RHB Felipe Rivera
|
0-0: Ball 1-0: Ball 2-0: Ball 3-0: Called Strike 3-1: Ground out 4-3 (Groundball, 4)
|
Batting: LHB Jerry Johnston
|
0-0: Ball 1-0: Ball 2-0: Called Strike 2-1: Foul Ball, location: 2F 2-2: Ball 3-2: Fly out, F7 (Flyball, 7S)
|
Batting: RHB Ron Glass
|
0-0: Ball 1-0: Called Strike 1-1: Ball 2-1: Fly out, F8 (Flyball, 8LD)
|
Bottom of the 8th over - 0 run(s), 0 hit(s), 0 error(s), 0 left on base; Birmingham 0 - Hendersonville 4 |
TOP OF THE 9TH |
Birmingham Steeldogs batting - Pitching for Hendersonville Hitmen : RHP Carlos Hernández
|
Batting: SHB Theron Harper
|
0-0: Foul Ball, location: 2F 0-1: Ball 1-1: Ball 2-1: Ball 3-1: SINGLE (Groundball, 4) (infield hit)
|
Pitching: RHP Junior Mateo
|
|
Batting: RHB Sixto Vélez
|
0-0: Called Strike 0-1: DOUBLE (Flyball, 78XD) Theron Harper to third
|
Batting: LHB José Hernández
|
0-0: Called Strike 0-1: Ball Wild Pitch! Theron Harper scores Sixto Vélez to third 1-1: Foul Ball, location: 2F 1-2: Ball 2-2: DOUBLE (Line Drive, 89D) Sixto Vélez scores
|
Batting: RHB Valentín Borges
|
0-0: Ball Wild Pitch! José Hernández to third 1-0: Ball 2-0: Ball 3-0: Base on Balls
|
Pinch Hitting: LHB Ashley Pickhills
|
0-0: Swinging Strike 0-1: Ball 1-1: Fly out, F7 (Line Drive, 7D) Runner from 3rd tags up, SCORES, no throw
|
Pitching: RHP Juan Nieto
|
|
Batting: SHB Orlando Aguilar
|
0-0: Ball 1-0: Swinging Strike 1-1: 2-RUN HOME RUN (Line Drive, 9LD), Distance : 373 ft
|
Batting: RHB Eric Johnson
|
0-0: Ball 1-0: Ball 2-0: Ball 3-0: Base on Balls
|
Batting: RHB Carlos García
|
0-0: Ball Eric Johnson steals 2nd base 1-0: DOUBLE (Flyball, 89D) Eric Johnson scores
|
Pitching: RHP Jorge Pérez
|
|
Batting: RHB José Carlos Caraballo
|
0-0: Ball 1-0: Fly out, F9 (Line Drive, 89D) Runner from 2nd tags up, SAFE at 3rd, no throw
|
Batting: SHB Theron Harper
|
0-0: Swinging Strike 0-1: Ball 1-1: Swinging Strike 1-2: Strikes out swinging
|
Top of the 9th over - 6 run(s), 5 hit(s), 0 error(s), 1 left on base; Birmingham 6 - Hendersonville 4 |
BOTTOM OF THE 9TH |
Hendersonville Hitmen batting - Pitching for Birmingham Steeldogs : RHP Rick Grant
|
Pitching: RHP Jeffrey Stephens
|
|
Now at 1B: Ashley Pickhills
|
|
Batting: RHB Sugita Ito
|
0-0: Called Strike 0-1: Ball 1-1: Ball 2-1: Ball 3-1: Fly out, F8 (Flyball, 8LD)
|
Batting: LHB Leonard Young
|
0-0: Ball 1-0: Fly out, F6 (Popup, 6D)
|
Batting: RHB Lonson Seals
|
0-0: Ball 1-0: Swinging Strike 1-1: Foul Ball, location: 2F 1-2: Fly out, F9 (Line Drive, 9)
|
Bottom of the 9th over - 0 run(s), 0 hit(s), 0 error(s), 0 left on base; Birmingham 6 - Hendersonville 4 |
|